 Dungeon Crawl Stone Soup version 0.31.0-12-g77e489cdc1 (webtiles) character file.

Game seed: 810879510632287277

119 GeoRichter the Vexing (level 5, -4/37 HPs)
             Began as a Barachi Hexslinger on Feb 29, 2024.
             Was an Initiate of Ru.
             Slain by Terence
             ... wielding a +0 trident
              (6 damage)
             ... on level 3 of the Dungeon.
             The game lasted 00:06:22 (2579 turns).

GeoRichter the Vexing (Barachi Hexslinger)          Turns: 2579, Time: 00:06:23

Health: -4/37      AC:  3    Str:  9    XL:     5   Next: 3%
Magic:  5/9        EV: 12    Int: 15    God:    Ru [......]
Gold:   119        SH:  0    Dex: 15    Spells: 4/9 levels left

rFire   . . .        a - +1 sling
rCold   . . .        (no shield)
rNeg    . . .        c - +0 robe
rPois   .            (no helmet)
rElec   .            l - +0 cloak
rCorr   .            (no gloves)
SInv    .            (no boots)
Will    .....        (no amulet)
Stlth   +            (no ring)
HPRegen 0.26/turn    (no ring)
MPRegen 0.11/turn

%: no passive effects
@: weak-willed, hasted, very quick
A: amphibious, slowness 1, strong legs 1, +LOS
a: Hop, Renounce Religion


You were on level 3 of the Dungeon.
You worshipped Ru.
Ru was noncommittal.
You visited 1 branch of the dungeon, and saw 3 of its levels.

You collected 119 gold pieces.

Inventory:

Hand Weapons
 a - a +1 sling (weapon)
 n - a +1 dagger of freezing
   (You took it off a goblin on level 2 of the Dungeon)
Armour
 c - a +0 robe (worn)
 l - a +0 cloak (worn)
   (You found it on level 2 of the Dungeon)
 u - a +0 buckler
   (You found it on level 3 of the Dungeon)
Scrolls
 b - a scroll of poison {!r}
 d - a scroll of brand weapon
 e - a scroll of amnesia
 f - a scroll of revelation
 r - a scroll of immolation {unknown}
Potions
 h - a potion of cancellation {unknown}
 i - a potion of brilliance {unknown}
 j - 2 potions of curing {@q1}
 k - a potion of degeneration {unknown}
 o - 3 potions of resistance
 p - a potion of lignification {unknown}
 s - a potion of mutation {unknown}
 t - a potion of attraction {unknown}


   Skills:
 - Level 1.2 Fighting
 - Level 2.0 Ranged Weapons
 - Level 2.1 Dodging
 + Level 2.8 Spellcasting
 * Level 5.2 Hexes
 - Level 1.1 Fire Magic


You had 4 spell levels left.
You knew the following spells:

 Your Spells              Type           Power      Damage    Failure   Level
a - Jinxbite              Hex            36%        N/A       3%          2
b - Sigil of Binding      Hex            18%        N/A       7%          3

Your spell library contained the following spells:

 Spells                   Type           Power      Damage    Failure   Level
 Inner Flame              Hex/Fire       11%        N/A       17%         3
 Cause Fear               Hex            9%         N/A       22%         4
 Dimensional Bullseye     Hex/Tloc       5%         N/A       56%         4


Dungeon Overview and Level Annotations

Branches:
Dungeon (3/15) Zot: 15014

Altars:
Ru

Annotations:
D:3 1 runed translucent door, Crazy Yiuf, Terence


Innate Abilities, Weirdness & Mutations

You are amphibious.
You cover ground slowly.
You can hop short distances.
You have an extended range of vision and can be seen from far away.


Message History

You shoot a sling bullet.
The sling bullet hits Terence but does no damage.
Terence is severely wounded.
Terence barely misses you.
Fire: a) +1 sling
Press: ? - help, Q - select action, (/) - cycle Shift-Dir - straight line, f/p - Terence
Aim: Terence, wielding a +0 trident and wearing a +2 chain mail of cold resistance (severely wounded, covering ground quickly, heavily drained, chance to call a sprite on attack: 64%, 65% to hit)
You shoot a sling bullet. The sling bullet barely misses Terence.
Terence seems less drained.
Terence barely misses you.
Fire: a) +1 sling
Press: ? - help, Q - select action, (/) - cycle Shift-Dir - straight line, f/p - Terence
Aim: Terence, wielding a +0 trident and wearing a +2 chain mail of cold resistance (severely wounded, covering ground quickly, chance to call a sprite on attack: 60%, 65% to hit)
You shoot a sling bullet.
The sling bullet hits Terence but does no damage.
Terence is severely wounded.
Terence misses you. Terence closely misses you.
Fire: a) +1 sling
Press: ? - help, Q - select action, (/) - cycle Shift-Dir - straight line, f/p - Terence
Aim: Terence, wielding a +0 trident and wearing a +2 chain mail of cold resistance (severely wounded, covering ground quickly, chance to call a sprite on attack: 60%, 65% to hit)
You shoot a sling bullet.
The sling bullet closely misses Terence.
Terence barely misses you.
Fire: a) +1 sling
Press: ? - help, Q - select action, (/) - cycle Shift-Dir - straight line, f/p - Terence
Aim: Terence, wielding a +0 trident and wearing a +2 chain mail of cold resistance (severely wounded, covering ground quickly, chance to call a sprite on attack: 60%, 65% to hit)
You shoot a sling bullet.
The sling bullet hits Terence but does no damage.
Terence is severely wounded.
Terence closely misses you.
Fire: a) +1 sling
Press: ? - help, Q - select action, (/) - cycle Shift-Dir - straight line, f/p - Terence
Aim: Terence, wielding a +0 trident and wearing a +2 chain mail of cold resistance (severely wounded, covering ground quickly, chance to call a sprite on attack: 60%, 65% to hit)
You shoot a sling bullet.
The sling bullet closely misses Terence.
The jinxing sprites lose interest in you.
Terence misses you. Terence barely misses you.
Fire: a) +1 sling
Press: ? - help, Q - select action, (/) - cycle Shift-Dir - straight line, f/p - Terence
Aim: Terence, wielding a +0 trident and wearing a +2 chain mail of cold resistance (severely wounded, covering ground quickly, 65% to hit)
You shoot a sling bullet. The sling bullet hits Terence.
Terence is almost dead.
Terence closely misses you.
Okay, then.
Terence hits you from afar with a +0 trident!
* * * LOW HITPOINT WARNING * * *
Okay, then.
It was a potion of haste.
You feel yourself speed up.
Terence hits you from afar with a +0 trident.
You die...
Terence says, "Time to find some more victims."

#.............#
#.............# ####
#.............# ....
#.............# ....
#.............# ....
#............ ....
#........... .....
###.......## ......
#.....@..## .......
#.....#.## ........
#....@..# .........
####...##
..........###..#.......
#### #>....##.......
.........### .......
.........# ........
.........# ........


You could see Terence (swift).

Vanquished Creatures
  2 adders (D:3)
  2 gnolls
  A ribbon worm (D:1)
  4 dart slugs
  6 orcs (D:3)
  2 ball pythons (D:1)
  6 bats
  8 endoplasms
  4 goblins
  4 hobgoblins
  8 kobolds
  3 quokkas
  6 frilled lizards
  9 rats
65 creatures vanquished.

Notes
Turn   | Place    | Note
-------+----------+-------------------------------------------
     0 | D:1      | GeoRichter the Barachi Hexslinger began the quest for the
                  | Orb.
     0 | D:1      | Reached XP level 1. HP: 15/15 MP: 2/2
   182 | D:1      | Reached XP level 2. HP: 11/21 MP: 4/4
   388 | D:1      | Reached skill level 4 in Hexes
   391 | D:1      | Learned a level 2 spell: Jinxbite
   545 | D:1      | Reached XP level 3. HP: 17/26 MP: 5/5
   800 | D:1      | Learned a level 3 spell: Sigil of Binding
   912 | D:2      | You fall into a shaft and drop 1 floor!
  1228 | D:2      | Found a sacrificial altar of Ru.
  1270 | D:2      | Became a worshipper of Ru the Awakened
  1621 | D:2      | Reached XP level 4. HP: 32/32 MP: 4/7
  2073 | D:3      | Reached skill level 5 in Hexes
  2397 | D:3      | Reached XP level 5. HP: 35/37 MP: 6/9
  2521 | D:3      | Found a runed translucent door.
  2522 | D:3      | Noticed Crazy Yiuf
  2551 | D:3      | Noticed Terence
  2579 | D:3      | Slain by Terence

Illustrated notes

Levels and vault maps discovered:
D:1:      dpeg_arrival_snail, layout_basic, nicolae_houndstooth_variations
D:2:      minmay_diamond_boxcup, layout_basic, basic_altar
D:3:      layout_basic, ebering_ghost_inner_flame, minmay_joined_circles,
          uniq_terence, uniq_crazy_yiuf_cottage

Skill      XL: |  1  2  3  4 |
---------------+-------------+-----
Hexes          | 4 5 |  5.2
Spellcasting   | 2 |  2.8
Fighting       | |  1.2
Ranged Weapons | |  2.0
Dodging        | |  2.1
Fire Magic     | |  1.1

Action                     |  1- 3 |  4- 6 || total
---------------------------+-------+-------++-------
   Fire: Sling             |   122 |    98 ||   220
   Cast: Jinxbite          |     5 |    13 ||    18
         Sigil of Binding  |       |     1 ||     1
    Use: Scroll            |       |     7 ||     7
         Potion            |       |     1 ||     1
 Armour: Robe              |    27 |    50 ||    77
  Dodge: Dodged            |    37 |    56 ||    93
